 Dungeon Crawl Stone Soup version 0.32-a0-818-gb728d02 (webtiles) character file.

Game seed: 13062300322269439383

4 Dorkslayer the Ducker (level 1, -3/16 HPs)
             Began as an Octopode Fighter on Mar 24, 2024.
             Frozen to death by an endoplasm (5 damage)
             ... on level 1 of the Dungeon.
             The game lasted 00:00:15 (57 turns).

Dorkslayer the Ducker (Octopode Fighter)              Turns: 57, Time: 00:00:16

Health: -3/16      AC:  1    Str: 15    XL:     1   Next: 60%
Magic:  1/1        EV: 12    Int: 10    God:
Gold:   0          SH:  4    Dex: 11    Spells: 0/0 levels left

rFire   . . .        a - +0 war axe
rCold   . . .        b - +0 buckler
rNeg    . . .        (helmet restricted)
rPois   .            (no amulet)
rElec   .            (no ring)
rCorr   .            (no ring)
SInv    .            (no ring)
Will    .....        (no ring)
Stlth   ++           (no ring)
HPRegen 0.22/turn    (no ring)
MPRegen 0.07/turn    (no ring)
                     (no ring)

%: no passive effects
@: mighty
A: almost no armour, amphibious, 8 rings, camouflage 1, gelatinous body 1,
(nimble swimmer 1), tentacles
a: no special abilities


You were on level 1 of the Dungeon.
You visited 1 branch of the dungeon, and saw 1 of its levels.

Inventory:

Hand Weapons
 a - a +0 war axe (weapon)
Armour
 b - a +0 buckler (worn)
Scrolls
 d - a scroll of revelation {unknown}


   Skills:
 + Level 3.0 Fighting
 + Level 2.0 Axes
 + Level 3.1 Dodging
 + Level 3.0 Shields


You couldn't memorise any spells.
You didn't know any spells.
Your spell library was empty.

Dungeon Overview and Level Annotations

Branches:
Dungeon (1/15)

Altars:


Innate Abilities, Weirdness & Mutations

You cannot wear most types of armour.
You are amphibious.
You can wear up to eight rings at the same time.
Your skin changes colour to match your surroundings (Stealth+).
Your rubbery body absorbs attacks. (AC +1, EV +1)
((You are camouflaged when in or above water. (Stealth+)))
You have tentacles for arms and can constrict up to eight enemies at once.


Message History

You hit the jackal. The jackal closely misses you. The jackal bites you.
The jackal bites you but does no damage.
You closely miss the jackal. Your grab misses the jackal.
You barely miss the jackal. You block the jackal's attack.
The jackal bites you.
The jackal bites you but does no damage.
You block the jackal's attack.
You closely miss the jackal. Your grab misses the jackal.
You completely miss the jackal. You block the jackal's attack. x2
The jackal bites you. The jackal closely misses you. The jackal bites you.
You miss the jackal. You grab the jackal. You closely miss the jackal.
You constrict the jackal. The jackal misses you.
The jackal completely misses you. You block the jackal's attack.
You hit the jackal. You squeeze the jackal.
You kill the jackal!
You barely miss the jackal. The jackal bites you. The jackal barely misses you.
The endoplasm closely misses you.
You hit the endoplasm.
The endoplasm is severely wounded.
You closely miss the jackal. The jackal misses you.
You block the jackal's attack. The endoplasm freezes you.
You are frozen.
* * * LOW HITPOINT WARNING * * *
The jackal attacks as it pursues you!
The jackal bites you but does no damage.
The jackal bites you.
* * * LOW HITPOINT WARNING * * *
You feel very mighty all of a sudden. The jackal misses you.
You closely miss the jackal. You grab the jackal.
The jackal is almost dead.
You constrict the jackal.
You kill the jackal!
The endoplasm closely misses you.
You slash the endoplasm!
You kill the endoplasm!
The endoplasm freezes you.
You are frozen.
You die...

#. ##'##d#....
#.###...###.###
#.#D#.>.....#X#
#####.###...#######
........##'##D#^#
#######..##.######
............#
.######.#####
#.@....# #J######
........# #.#....##
#.... #.... ..>...
#######


You could see an endoplasm.

Vanquished Creatures
  An endoplasm (D:1)
  3 jackals (D:1)
4 creatures vanquished.

Notes
Turn   | Place    | Note
-------+----------+-------------------------------------------
     0 | D:1      | Dorkslayer the Octopode Fighter began the quest for the
                  | Orb.
     0 | D:1      | Reached XP level 1. HP: 16/16 MP: 1/1
     0 | D:1      | Noticed a tentacled monstrosity
     0 | D:1      | Noticed a tentacled monstrosity
     1 | D:1      | Noticed a tentacled monstrosity
     3 | D:1      | Noticed a tentacled monstrosity
     5 | D:1      | Noticed a yellow draconian
     6 | D:1      | Noticed an ice dragon
     7 | D:1      | Noticed a golden dragon
     8 | D:1      | Noticed an orb of fire
     9 | D:1      | Noticed an iron dragon
    11 | D:1      | Noticed an iron dragon
    11 | D:1      | Noticed a tentacled monstrosity
    13 | D:1      | Noticed an orb of fire
    13 | D:1      | Noticed an ice dragon
    16 | D:1      | Noticed an iron dragon
    16 | D:1      | Noticed a purple draconian
    18 | D:1      | Noticed a shadow dragon
    18 | D:1      | Noticed a tentacled monstrosity
    20 | D:1      | Noticed an ice dragon
    22 | D:1      | Noticed a quicksilver dragon
    57 | D:1      | Frozen to death by an endoplasm

Illustrated notes

Levels and vault maps discovered:
D:1:      shiori_arrival_whats_in_store_for_you, layout_basic

Action                     || total
---------------------------++-------
  Melee: War axe           ||     8
         Constrict         ||     2
         Tentacles         ||     1
    Use: Potion            ||     1
 Armour: Skin              ||     9
  Dodge: Dodged            ||    11
  Block: Buckler           ||     6

Table legend: (Time is in decaauts)
 A = Elapsed time spent in this place.
 B = Non-inter-level travel time spent in this place.
 C = Inter-level travel time spent in this place.
 D = Time resting spent in this place.
 E = Time spent auto-exploring this place.
 F = Levels seen in this place.
 G = Mean time per level.
                   A        B        C        D        E       F      G
               +--------+--------+--------+--------+--------+-----+--------+
         Total |     60 |     60 |      0 |      0 |     25 |   1 |   60.0 |
       Dungeon |     60 |     60 |      0 |      0 |     25 |   1 |   60.0 |
               +--------+--------+--------+--------+--------+-----+--------+

Top non-repeatable levels by time:
     D:1: 60 daAuts
